 Dungeon Crawl Stone Soup version 0.25-a0-890-g62861fb (webtiles) character file.

Game seed: 14913977553682251143, levelgen mode: deterministic

77 BlueFish the Insei (level 4, 0/42 HPs)
             Began as an Octopode Transmuter on May 2, 2020.
             Succumbed to a worker ant's poison
             ... on level 2 of the Dungeon.
             The game lasted 00:02:12 (2080 turns).

BlueFish the Insei (Octopode Transmuter)            Turns: 2080, Time: 00:02:12

Health: 0/42       AC: 22    Str: 10    XL:     4   Next: 33%
Magic:  7/7        EV:  2    Int: 15    God:
Gold:   96         SH:  0    Dex: 12    Spells: 1/7 levels left

rFire    . . .     SeeInvis .     - Unarmed
rCold    . . .     Gourm    .   (no shield)
rNeg     + + +     Faith    .   (helmet currently unavailable)
rPois    +         Spirit   .   (no amulet)
rElec    .         Reflect  .   (no ring)
rCorr    .         Harm     .   (no ring)
MR       .....     NoTele   +   (no ring)
Stlth    ++........             (no ring)
HPRegen  0.14/turn              (no ring)
MPRegen  0.10/turn              (no ring)
                                (no ring)
                                (no ring)

@: lethally poisoned (0 -> -13), tree-form, stab, very slightly contaminated,
invisible
A: almost no armour, stealthy swim, (amphibious), 8 rings, (constrict 8)
a: no special abilities


You were on level 2 of the Dungeon.
You were not hungry.
You were a tree.
You visited 1 branch of the dungeon, and saw 2 of its levels.

You collected 96 gold pieces.

Inventory:

Hand Weapons
 j - a +0 dagger of freezing
Missiles
 a - 12 arrows
Scrolls
 b - a scroll of amnesia {unknown}
 d - a scroll of fear {unknown}
 e - 2 scrolls of teleportation {unknown}
 f - 2 scrolls of identify {unknown}
 k - a scroll of noise {unknown}
Potions
 h - a potion of stabbing
Comestibles
 c - 5 rations


   Skills:
 * Level 1.4 Fighting
 * Level 2.4 Dodging
 * Level 1.5 Stealth
 * Level 3.7 Unarmed Combat
 + Level 2.3 Spellcasting
 * Level 2.5 Transmutations
 * Level 0.7 Poison Magic


You had one spell level left.
You knew the following spells:

 Your Spells              Type           Power        Failure   Level  Hunger
a - Beastly Appendage     Tmut           #.....       8%          1    #......
b - Sticks to Snakes      Tmut           #.......     12%         2    ###....
c - Spider Form           Tmut/Pois      #.........   32%         3    ###....

Your spell library contained the following spells:

 Spells                   Type           Power        Failure   Level  Hunger
 Ice Form                 Ice/Tmut       #.......     77%         4    #####..
 Blade Hands              Tmut           #.........   91%         5    ######.


Dungeon Overview and Level Annotations

Branches:
Dungeon (2/15)

Altars:


Innate Abilities, Weirdness & Mutations

You cannot wear most types of armour.
You are very stealthy in the water. (Stealth+)
((You are amphibious.))
You can wear up to eight rings at the same time.
((You can use your tentacles to constrict eight enemies at once.))
((Your skin changes colour to match your surroundings (Stealth+).))
((Your rubbery body absorbs attacks. (AC +1, EV +1)))


Message History

You constrict the worker ant.
You feel sick. The worker ant bites you!
* * * LOW HITPOINT WARNING * * *
You are more poisoned.
The worker ant poisons you!
It was a potion of stabbing.
You feel ready to backstab.
You constrict the worker ant.
You kill the worker ant!
You have reached level 4!
* * * LOW HITPOINT WARNING * * *
You feel sick.
It was a potion of invisibility.
You fade into invisibility!
* * * LOW HITPOINT WARNING * * *
You feel sick.
You are very lightly contaminated with residual magic.
It was a potion of lignification.
Your tentacle spike disappears.
You turn into a tree.
Your roots penetrate the ground.
You die...

######### #.#
#.# #.# #.# #.#
######.##
##.......#
#........#
#...♣....#
<.....†.....#
.#.#...........
# #........###
.#. #........#
... ..##.##.##
... ##. ..$ .#
#.# #. #.##+#
#.# ..#...##
#.#


There were no monsters in sight!

Vanquished Creatures
  A worker ant (D:2)
  4 adders (D:2)
  3 leopard geckos
  2 bats
  2 hobgoblins
  A ball python (D:2)
  2 frilled lizards (D:2)
  2 goblins (D:2)
  2 rats
19 creatures vanquished.

Notes
Turn   | Place    | Note
-------+----------+-------------------------------------------
     0 | D:1      | BlueFish the Octopode Transmuter began the quest for the
                  | Orb.
     0 | D:1      | Reached XP level 1. HP: 13/13 MP: 3/3
   785 | D:1      | Reached XP level 2. HP: 18/18 MP: 3/5
   789 | D:1      | Learned a level 2 spell: Sticks to Snakes
  1342 | D:2      | Reached XP level 3. HP: 22/23 MP: 4/6
  1347 | D:2      | Learned a level 3 spell: Spider Form
  1421 | D:2      | Reached skill level 1 in Stealth
  2078 | D:2      | Reached XP level 4. HP: 3/28 MP: 7/7
  2078 | D:2      | HP: 1/28 [poisoned by a worker ant]
  2080 | D:2      | Succumbed to a worker ant's poison

Levels and vault maps discovered:
D:1:      grunt_arrival_crossed_arrows, layout_basic
D:2:      layout_loops_corners, first_ration

Skill      XL: |  1  2  3 |
---------------+----------+-----
Stealth        | 1 |  1.5
Fighting       | |  1.4
Dodging        | |  2.4
Unarmed Combat | |  3.7
Spellcasting   | |  2.3
Transmutations | |  2.5
Poison Magic   | |  0.7

Action                   |  1- 3 |  4- 6 || total
-------------------------+-------+-------++-------
Melee: Unarmed           |    50 |       ||    50
       Constrict         |    11 |       ||    11
       Tentacles         |    10 |       ||    10
       Kick              |     9 |       ||     9
       Punch             |     1 |       ||     1
 Cast: Beastly Appendage |    17 |       ||    17
  Use: Potion            |     1 |     2 ||     3
 Stab: Sleeping          |     3 |       ||     3
  Eat: Chunk             |     4 |       ||     4
Armor: Skin              |     4 |       ||     4
Dodge: Dodged            |    22 |       ||    22

Table legend:
 A = Non-vault XP
 B = Vault XP
 C = Vault XP percentage of total XP
 D = Non-vault monster count
 E = Vault monster count
 F = Vault count percentage of total count
                 A         B        C        D         E       F
            +---------+---------+-------+---------+---------+-------
      Total |     110 |       0 |   0.0 |      19 |       0 |   0.0
            +---------+---------+-------+---------+---------+-------
        D:1 |      11 |       0 |   0.0 |       5 |       0 |   0.0
        D:2 |      99 |       0 |   0.0 |      14 |       0 |   0.0
            +---------+---------+-------+---------+---------+-------
